 Dungeon Crawl Stone Soup version 0.31-a0-881-ge136f0c47a (webtiles) character file.

Game seed: 15475772476435975892

92 Kurtz the Sneak (level 4, 0/42 HPs)
             Began as a Naga Delver on Oct 15, 2023.
             Was an Initiate of Okawaru.
             Slain by a sleepcap (6 damage)
             ... on level 4 of the Dungeon.
             The game lasted 00:01:10 (409 turns).

Kurtz the Sneak (Naga Delver)                        Turns: 409, Time: 00:01:11

Health: 0/42       AC:  4    Str: 17    XL:     4   Next: 60%
Magic:  4/5        EV:  7    Int: 10    God:    Okawaru [......]
Gold:   48         SH:  0    Dex: 12    Spells: 3/3 levels left

rFire   . . .        a - +0 hand axe
rCold   . . .        (no shield)
rNeg    . . .        j - +0 scale mail
rPois   +            (no helmet)
rElec   .            (no cloak)
rCorr   .            (no gloves)
SInv    +            (no barding)
Will    .....        h - amulet of regeneration
Stlth   ++           (no ring)
HPRegen 1.07/turn    (no ring)
MPRegen 0.09/turn

%: no passive effects
@: hasted, quick
A: AC +1, large, see invisible, deformed body, poison resistance, slowness 2,
spit poison 1, naga tail 1
a: Spit Poison, Renounce Religion


You were on level 4 of the Dungeon.
You worshipped Okawaru.
Okawaru was noncommittal.
You visited 2 branches of the dungeon, and saw 3 of its levels.

You collected 48 gold pieces.

Inventory:

Hand Weapons
 a - a +0 hand axe (weapon)
Armour
 b - a +0 leather armour
 j - a +0 scale mail (worn)
Jewellery
 h - an amulet of regeneration (around neck)
Wands
 g - a wand of digging (3)
Scrolls
 c - a scroll of fog
 d - a scroll of revelation
 e - 2 scrolls of fear
 i - a scroll of enchant weapon {unknown}


   Skills:
 - Level 3.0 Fighting
 * Level 4.3 Axes
 - Level 1.5 Dodging
 - Level 7.2 Stealth
 * Level 1.5 Invocations


You had 3 spell levels left.
You didn't know any spells.
Your spell library was empty.

Dungeon Overview and Level Annotations

Branches:
Dungeon (5/15)             Temple (1/1) D:5

Altars:
Ashenzari
Cheibriados
Fedhas
Kikubaaqudgha
Okawaru
Sif Muna
Uskayaw
Vehumet
Yredelemnul
The Shining One

Annotations:
D:5 exclusions: centaur and water moccasin


Innate Abilities, Weirdness & Mutations

Your serpentine skin is tough. (AC +1)
You have supernaturally acute eyesight. (SInv)
Armour fits poorly on your strangely shaped body.
Your system is resistant to poisons. (rPois)
You cover ground very slowly.
You can spit poison.
You have a snake-like lower body.


Message History

You hit the orc priest.
You hear a shout!
The sleepcap releases spores at you but does no damage.
The orc priest looks braver for a moment.
You hit the sleepcap but do no damage.
The sleepcap is heavily damaged.
You hit the orc priest. The orc priest hits you with a +0 whip.
* * * LOW HITPOINT WARNING * * *
The sleepcap releases spores at you.
* * * LOW HITPOINT WARNING * * *
Unknown command.
Unknown command.
You hit the orc priest.
The orc priest is heavily wounded.
You hit the sleepcap.
You hit the orc priest but do no damage.
The orc priest is heavily wounded.
You hit the sleepcap. The sleepcap closely misses you.
The orc priest barely misses you.
Unknown command.
You hit the orc priest.
The orc priest is almost dead.
You hit the sleepcap but do no damage. The sleepcap releases spores at you.
* * * LOW HITPOINT WARNING * * *
You are engulfed in a cloud of soporific spores!
You are unaffected.
The orc priest looks satisfied for a moment.
You hit the orc priest.
You kill the orc priest!
Okawaru accepts your kill.
You hit the sleepcap but do no damage.
Unknown command.
You hit the sleepcap.
The sleepcap is severely damaged.
The sleepcap barely misses you.
Unknown command.
You hit the sleepcap but do no damage.
The sleepcap is severely damaged.
The sleepcap releases spores at you.
You die...

.............# .......
..............# ..>....
....?..........##...$...
g..............#........
...............o#.....
....................
...............##h#
...............#f# .#
...............#@# .#
...............#)###.#
...$...........o.....#.#
...........#.....##..#.#
...........#....#......#
............#..#.....###
.............###.....#
..............###....#
..............#..#...#


You could see a sleepcap, a hound and an orc.

Vanquished Creatures
  An orc priest (D:4)
  A hound (D:5)
  3 adders
  An orc (D:4)
  2 hobgoblins (D:4)
  A kobold (D:4)
9 creatures vanquished.

Notes
Turn   | Place    | Note
-------+----------+-------------------------------------------
     0 | D:5      | Kurtz the Naga Delver began the quest for the Orb.
     0 | D:5      | Reached XP level 1. HP: 21/21 MP: 1/1
    17 | D:5      | Found a staircase to the Ecumenical Temple.
    17 | D:5      | Noticed a water moccasin
    21 | D:5      | Noticed a hound
    28 | D:5      | Killed a hound
    29 | D:5      | Reached XP level 2. HP: 17/28 MP: 2/2
    29 | D:5      | Reached XP level 3. HP: 21/34 MP: 3/3
    40 | Temple   | Entered the Ecumenical Temple
   118 | Temple   | Became a worshipper of Warmaster Okawaru
   155 | D:5      | Noticed a centaur
   394 | D:4      | Reached skill level 1 in Invocations
   394 | D:4      | Reached XP level 4. HP: 23/42 MP: 4/4
   403 | D:4      | HP: 2/42 [sleepcap (2)]
   409 | D:4      | Slain by a sleepcap

Illustrated notes

Levels and vault maps discovered:
D:4:      layout_basic, st_stairs_4, minivault_5, minmay_misc_feat_chi
D:5:      layout_basic, minmay_temple_entry_large_hall, serial_corexii_hall,
          corexii_hall_statues_deadend, corexii_hall_statues_l,
          chequers_hall_statues_corner_a, uniq_menkaure
Temple:   dpeg_chambers_temple

Skill      XL: |  1  2  3 |
---------------+----------+-----
Axes           | 3 4 |  4.3
Invocations    | 1 |  1.5
Fighting       | |  3.0
Dodging        | |  1.5
Stealth        | |  7.2

Action                     |  1- 3 |  4- 6 || total
---------------------------+-------+-------++-------
  Melee: Hand axe          |    22 |    13 ||    35
Ability: Spit Poison       |     1 |       ||     1
    Use: Potion            |       |     1 ||     1
 Armour: Leather armour    |     6 |       ||     6
         Scale mail        |    17 |     9 ||    26
  Dodge: Dodged            |    20 |     8 ||    28

Table legend: (Time is in decaauts)
 A = Elapsed time spent in this place.
 B = Non-inter-level travel time spent in this place.
 C = Inter-level travel time spent in this place.
 D = Time resting spent in this place.
 E = Time spent auto-exploring this place.
 F = Levels seen in this place.
 G = Mean time per level.
                   A        B        C        D        E       F      G
               +--------+--------+--------+--------+--------+-----+--------+
         Total |    517 |    449 |     68 |     69 |    200 |   3 |  172.3 |
       Dungeon |    401 |    390 |     11 |     12 |    200 |   2 |  200.5 |
        Temple |    115 |     58 |     57 |     57 |      0 |   1 |  115.0 |
               +--------+--------+--------+--------+--------+-----+--------+

Top non-repeatable levels by time:
     D:5: 277 daAuts
     D:4: 124 daAuts
  Temple: 115 daAuts
